MID
BINGHAMTON METS @ HARTFORD YARD GOATS
06/30/2045
 
TOP OF THE 1ST
Binghamton Mets batting - Pitching for Hartford Yard Goats : RHP Dave Spriggs
Pitching: RHP Dave Spriggs
Batting: LHB Mike Condon 0-0: Foul Ball, location: 2F
0-1: Ball
1-1: Ball
2-1: Ball
3-1: Fly out, F7 (Flyball, 7S, EV 88.1 MPH)
Batting: LHB Bayesa Mundhir 0-0: Called Strike
0-1: Ball
1-1: SINGLE (Groundball, 4MD, EV 101.2 MPH)
Batting: LHB Adam Barry 0-0: Ball
1-0: Ball
2-0: Called Strike
2-1: Foul Ball, location: 2F
2-2: Foul Ball, location: 2F
2-2: Foul Ball, location: 2F
2-2: Ball
3-2: Grounds out, U3 (Groundball, 3L, EV 102.5 MPH)
Batting: RHB Gang-sheng Chew 0-0: Foul Ball, location: 2F
0-1: Ball
1-1: Foul Ball, location: 2F
1-2: Ball
2-2: Ball
3-2: Ground out 6-3 (Groundball, 6, EV 92.5 MPH)
Top of the 1st over - 0 runs, 1 hit, 0 errors, 1 left on base; Binghamton 0 - Hartford 0
BOTTOM OF THE 1ST
Hartford Yard Goats batting - Pitching for Binghamton Mets : RHP Felipe Hinojosa
Pitching: RHP Felipe Hinojosa
Batting: LHB Elijah Black 0-0: Called Strike
0-1: Ball
1-1: SINGLE (Groundball, 4D, EV 101.9 MPH)
Batting: LHB Bill McGregor 0-0: Called Strike
0-1: Fly out, F9 (Flyball, 9S, EV 94.4 MPH)
Batting: LHB Greg Valenzuela 0-0: Called Strike
0-1: Swinging Strike
0-2: SINGLE (Groundball, 4MD, EV 103.1 MPH)
Elijah Black to second
Runner from 2nd tries for 3rd, SAFE, throw by CF made to third
Batting: LHB Jeremy Brammer 0-0: Called Strike
Greg Valenzuela steals 2nd, throwing error, E2
Elijah Black scores
Greg Valenzuela to third
0-1: Ball
1-1: Fly out, F7 (Flyball, 7, EV 89.4 MPH)
Runner from 3rd tags up, SCORES, throw by LF
Batting: RHB Eric Garrett 0-0: Ground out 6-3 (Groundball, 6, EV 85.0 MPH)
Bottom of the 1st over - 2 runs, 2 hits, 1 error, 0 left on base; Binghamton 0 - Hartford 2
TOP OF THE 2ND
Binghamton Mets batting - Pitching for Hartford Yard Goats : RHP Dave Spriggs
Batting: RHB David Stayton 0-0: Called Strike
0-1: Called Strike
0-2: Strikes out looking
Batting: LHB Javy Cavazos 0-0: Called Strike
0-1: Ball
1-1: Swinging Strike
1-2: Strikes out swinging
Batting: SHB Jerry Burrows 0-0: Called Strike
0-1: Foul Ball, location: 2F
0-2: Strikes out looking
Top of the 2nd over - 0 runs, 0 hits, 0 errors, 0 left on base; Binghamton 0 - Hartford 2
BOTTOM OF THE 2ND
Hartford Yard Goats batting - Pitching for Binghamton Mets : RHP Felipe Hinojosa
Batting: LHB Zane Kelton 0-0: Swinging Strike
0-1: Ball
1-1: Foul Ball, location: 2F
1-2: Ball
2-2: Ball
3-2: Strikes out swinging
Batting: RHB Chris Tatum 0-0: Ball
1-0: Swinging Strike
1-1: Ball
2-1: Called Strike
2-2: SINGLE (Groundball, 56D, EV 103.1 MPH)
Batting: RHB Guillermo Veronese 0-0: Called Strike
0-1: Ball
1-1: Fly out, F8 (Flyball, 8LD, EV 100.0 MPH)
Batting: LHB Brian Levensailor 0-0: Ball
1-0: Foul Ball, location: 2F
1-1: Called Strike
1-2: Fly out, F8 (Flyball, 8RS, EV 88.1 MPH)
Bottom of the 2nd over - 0 runs, 1 hit, 0 errors, 1 left on base; Binghamton 0 - Hartford 2
TOP OF THE 3RD
Binghamton Mets batting - Pitching for Hartford Yard Goats : RHP Dave Spriggs
Batting: RHB Tetsuhiro Taki 0-0: Called Strike
0-1: Swinging Strike
0-2: Ball
1-2: Strikes out looking
Batting: LHB Mike Pesek 0-0: Called Strike
0-1: Called Strike
0-2: Ball
1-2: Ball
2-2: Ball
3-2: Base on Balls
Batting: LHB Mike Condon 0-0: Called Strike
0-1: Swinging Strike
0-2: Ball
1-2: Ball
2-2: Foul Ball, location: 2F
2-2: Strikes out swinging
Batting: LHB Bayesa Mundhir 0-0: Ball
1-0: Foul Ball, location: 2F
1-1: Ball
2-1: Ground out 1-3 (Groundball, 13S, EV 68.1 MPH)
Top of the 3rd over - 0 runs, 0 hits, 0 errors, 1 left on base; Binghamton 0 - Hartford 2
BOTTOM OF THE 3RD
Hartford Yard Goats batting - Pitching for Binghamton Mets : RHP Felipe Hinojosa
Batting: LHB Elijah Black 0-0: Foul Ball, location: 2F
0-1: Foul Ball, location: 2F
0-2: Fly out, F8 (Flyball, 8LD, EV 100.0 MPH)
Batting: LHB Bill McGregor 0-0: Ball
1-0: Foul Ball, location: 2F
1-1: SINGLE (Flyball, 56D, EV 97.5 MPH)
Batting: LHB Greg Valenzuela 0-0: Ball
1-0: Ball
2-0: Fielders Choice at 2nd, 3-6 (Groundball, 34S, EV 86.9 MPH)
Batting: LHB Jeremy Brammer 0-0: Ball
Greg Valenzuela steals 2nd base
1-0: Called Strike
1-1: Foul Ball, location: 2F
1-2: DOUBLE (Flyball, 8RXD, EV 103.8 MPH)
Greg Valenzuela scores
Batting: RHB Eric Garrett 0-0: Foul Ball, location: 2F
0-1: Called Strike
0-2: Ball
1-2: Strikes out swinging
Bottom of the 3rd over - 1 run, 2 hits, 0 errors, 1 left on base; Binghamton 0 - Hartford 3
TOP OF THE 4TH
Binghamton Mets batting - Pitching for Hartford Yard Goats : RHP Dave Spriggs
Batting: LHB Adam Barry 0-0: Fly out, F7 (Line Drive, 7D, EV 88.8 MPH)
Batting: RHB Gang-sheng Chew 0-0: Ball
1-0: Ball
2-0: Ball
3-0: Called Strike
3-1: Swinging Strike
3-2: Base on Balls
Batting: RHB David Stayton 0-0: Fly out, F3 (Popup, 3SF, EV 68.1 MPH)
Batting: LHB Javy Cavazos 0-0: Foul Ball, location: 2F
0-1: Ball
1-1: Ball
2-1: Swinging Strike
2-2: Ground out 4-3 (Groundball, 4, EV 101.2 MPH)
Top of the 4th over - 0 runs, 0 hits, 0 errors, 1 left on base; Binghamton 0 - Hartford 3
BOTTOM OF THE 4TH
Hartford Yard Goats batting - Pitching for Binghamton Mets : RHP Felipe Hinojosa
Batting: LHB Zane Kelton 0-0: SINGLE (Line Drive, 34D, EV 96.2 MPH)
Batting: RHB Chris Tatum 0-0: Ball
1-0: Ball
2-0: Swinging Strike
2-1: Ball
Wild Pitch!
Zane Kelton to second
3-1: Base on Balls
Batting: RHB Guillermo Veronese 0-0: Ball
1-0: Called Strike
1-1: Called Strike
1-2: Strikes out swinging
Batting: LHB Brian Levensailor 0-0: Ball
1-0: Ball
2-0: Fly out, F8 (Flyball, 89M, EV 90.6 MPH)
Batting: LHB Elijah Black 0-0: Fly out, F9 (Flyball, 9, EV 90.6 MPH)
Bottom of the 4th over - 0 runs, 1 hit, 0 errors, 2 left on base; Binghamton 0 - Hartford 3
TOP OF THE 5TH
Binghamton Mets batting - Pitching for Hartford Yard Goats : RHP Dave Spriggs
Batting: SHB Jerry Burrows 0-0: Swinging Strike
0-1: Ball
1-1: Ball
2-1: Foul Ball, location: 2F
2-2: Ball
3-2: Fly out, F8 (Flyball, 78D, EV 85.0 MPH)
Batting: RHB Tetsuhiro Taki 0-0: Ball
1-0: SINGLE (Groundball, 25, EV 70.6 MPH) (infield hit)
Batting: LHB Mike Pesek 0-0: Ball
Tetsuhiro Taki steals 2nd base
1-0: Ball
2-0: Ground out 4-3 (Groundball, 4, EV 86.2 MPH)
Tetsuhiro Taki to third
Batting: LHB Mike Condon 0-0: Called Strike
0-1: Foul Ball, location: 2F
0-2: Ball
1-2: Foul Ball, location: 2F
1-2: Ball
2-2: Ground out 6-3 (Groundball, 6, EV 91.9 MPH)
Top of the 5th over - 0 runs, 1 hit, 0 errors, 1 left on base; Binghamton 0 - Hartford 3
BOTTOM OF THE 5TH
Hartford Yard Goats batting - Pitching for Binghamton Mets : RHP Felipe Hinojosa
Batting: LHB Bill McGregor 0-0: Swinging Strike
0-1: Ball
1-1: Foul Ball, location: 2F
1-2: Ball
2-2: Ball
3-2: Ground out 4-3 (Groundball, 4, EV 83.1 MPH)
Batting: LHB Greg Valenzuela 0-0: Ball
1-0: Called Strike
1-1: Swinging Strike
1-2: Fly out, F7 (Flyball, 7S, EV 89.4 MPH)
Batting: LHB Jeremy Brammer 0-0: Swinging Strike
0-1: Ball
1-1: Fly out, F8 (Line Drive, 8RD, EV 98.1 MPH)
Bottom of the 5th over - 0 runs, 0 hits, 0 errors, 0 left on base; Binghamton 0 - Hartford 3
TOP OF THE 6TH
Binghamton Mets batting - Pitching for Hartford Yard Goats : RHP Dave Spriggs
Pitching: LHP Glenn Lowther
Batting: LHB Bayesa Mundhir 0-0: Ball
1-0: Ball
2-0: Ground out 6-3 (Groundball, 6, EV 77.5 MPH)
Pinch Hitting: RHB Bobby Mabrey 0-0: Ball
1-0: Foul Ball, location: 2F
1-1: Ball
2-1: Fly out, F8 (Flyball, 8RS, EV 84.4 MPH)
Batting: RHB Gang-sheng Chew 0-0: Swinging Strike
0-1: Ball
1-1: Foul Ball, location: 2F
1-2: Foul Ball, location: 2F
1-2: Foul Ball, location: 2F
1-2: Ball
2-2: Strikes out looking
Top of the 6th over - 0 runs, 0 hits, 0 errors, 0 left on base; Binghamton 0 - Hartford 3
BOTTOM OF THE 6TH
Hartford Yard Goats batting - Pitching for Binghamton Mets : RHP Felipe Hinojosa
Pitching: LHP Mike Capers
Now at 1B: Julio Ramos
Batting: RHB Eric Garrett 0-0: Ball
1-0: Swinging Strike
1-1: Ball
2-1: Ball
3-1: Ground out 6-3 (Groundball, 6, EV 86.2 MPH)
Batting: LHB Zane Kelton 0-0: Ball
1-0: Ball
2-0: Called Strike
2-1: Fly out, F6 (Popup, 6, EV 66.9 MPH)
Batting: RHB Chris Tatum 0-0: Ball
1-0: Ball
2-0: Ball
3-0: Called Strike
3-1: Foul Ball, location: 2F
3-2: Ground out 6-3 (Groundball, 6, EV 80.6 MPH)
Bottom of the 6th over - 0 runs, 0 hits, 0 errors, 0 left on base; Binghamton 0 - Hartford 3
TOP OF THE 7TH
Binghamton Mets batting - Pitching for Hartford Yard Goats : LHP Glenn Lowther
Pitching: LHP Dan Ott
Batting: RHB David Stayton 0-0: Called Strike
0-1: Ground out 4-3 (Groundball, 34, EV 85.6 MPH)
Batting: LHB Javy Cavazos 0-0: Ball
1-0: Ball
2-0: Ball
3-0: Called Strike
3-1: Ground out 6-3 (Groundball, 6M, EV 95.6 MPH)
Batting: SHB Jerry Burrows 0-0: Called Strike
0-1: Ball
1-1: Swinging Strike
1-2: Strikes out swinging
Top of the 7th over - 0 runs, 0 hits, 0 errors, 0 left on base; Binghamton 0 - Hartford 3
BOTTOM OF THE 7TH
Hartford Yard Goats batting - Pitching for Binghamton Mets : LHP Mike Capers
Pitching: LHP Matt Allert
Batting: RHB Guillermo Veronese 0-0: Ball
1-0: Called Strike
1-1: SINGLE (Groundball, 56S, EV 66.2 MPH) (infield hit)
Batting: LHB Brian Levensailor 0-0: Called Strike
0-1: Called Strike
0-2: Foul Ball, location: 2F
0-2: Ball
1-2: Foul Ball, location: 2F
Balk!
Guillermo Veronese to second
1-2: Foul Ball, location: 2F
1-2: Ball
2-2: Ground out 5-3 (Groundball, 5L, EV 97.5 MPH)
Batting: LHB Elijah Black 0-0: Foul Ball, location: 2F
0-1: Ball
Wild Pitch!
Guillermo Veronese to third
1-1: Fly out, F7 (Flyball, 7, EV 80.0 MPH)
Runner from 3rd tags up, SCORES, throw by LF
Batting: LHB Bill McGregor 0-0: Ball
1-0: Ball
2-0: Ball
3-0: Base on Balls
Batting: LHB Greg Valenzuela 0-0: Ground out 4-3 (Groundball, 34, EV 88.8 MPH)
Bottom of the 7th over - 1 run, 1 hit, 0 errors, 1 left on base; Binghamton 0 - Hartford 4
TOP OF THE 8TH
Binghamton Mets batting - Pitching for Hartford Yard Goats : LHP Dan Ott
Pitching: LHP Juan Vargas
Batting: RHB Tetsuhiro Taki 0-0: Called Strike
0-1: Ball
1-1: Called Strike
1-2: Strikes out looking
Pinch Hitting: SHB Tadaaki Kondo 0-0: Called Strike
0-1: Swinging Strike
0-2: Ball
1-2: Strikes out swinging
Batting: LHB Mike Condon 0-0: Called Strike
0-1: Ball
1-1: Foul Ball, location: 2F
1-2: Ball
2-2: Strikes out swinging
Top of the 8th over - 0 runs, 0 hits, 0 errors, 0 left on base; Binghamton 0 - Hartford 4
BOTTOM OF THE 8TH
Hartford Yard Goats batting - Pitching for Binghamton Mets : LHP Matt Allert
Now in CF: Ben Herman
Batting: LHB Jeremy Brammer 0-0: Fly out, F7 (Flyball, 78S, EV 91.2 MPH)
Batting: RHB Eric Garrett 0-0: Called Strike
0-1: SOLO HOME RUN (Flyball, 7D, EV 98.1 MPH), Distance : 372 ft
Batting: LHB Zane Kelton 0-0: Ball
1-0: SINGLE (Groundball, 6S, EV 71.2 MPH) (infield hit)
Batting: RHB Chris Tatum 0-0: Ball
1-0: Ball
2-0: Foul Ball, location: 2F
2-1: Foul Ball, location: 2F
2-2: Foul Ball, location: 2F
2-2: Strikes out swinging
Batting: RHB Guillermo Veronese 0-0: Ball
Zane Kelton steals 2nd base
1-0: Called Strike
1-1: Called Strike
1-2: Ball
2-2: Foul Ball, location: 2F
2-2: Strikes out looking
Bottom of the 8th over - 1 run, 2 hits, 0 errors, 1 left on base; Binghamton 0 - Hartford 5
TOP OF THE 9TH
Binghamton Mets batting - Pitching for Hartford Yard Goats : LHP Juan Vargas
Batting: LHB Bayesa Mundhir 0-0: Called Strike
0-1: Ball
1-1: Fly out, F9 (Flyball, 9LS, EV 83.1 MPH)
Batting: SHB Julio Ramos 0-0: Ball
1-0: Ball
2-0: Foul Ball, location: 2F
2-1: Foul Ball, location: 2F
2-2: Strikes out swinging
Batting: RHB Gang-sheng Chew 0-0: Swinging Strike
0-1: Foul Ball, location: 2F
0-2: Ball
1-2: Ball
2-2: Strikes out swinging
Top of the 9th over - 0 runs, 0 hits, 0 errors, 0 left on base; Binghamton 0 - Hartford 5
Wednesday, June 22nd , 2022 - OOTP Baseball 23.4 Build 64